 Dungeon Sprint DCSS version 0.24-a0-355-gbe4061de67 (webtiles) character file.

Game seed: 9391332369689503534

17 Azzok the Slasher (level 2, -12/19 HPs)
             Began as a Gargoyle Fighter on May 24, 2019.
             Mangled by an ogre
             ... wielding a +0 giant club
              (16 damage)
             ... in the Dungeon (Sprint IX: "|||||||||||||||||||||||||||||").
             The game lasted 00:00:08 (25 turns).

Azzok the Slasher (Gargoyle Fighter)                  Turns: 25, Time: 00:00:08

Health: -12/19     AC:  9    Str: 19    XL:     2   Next: 62%
Magic:  2/2        EV:  7    Int:  8    God:
Gold:   0          SH:  9    Dex:  9    Spells: 1/1 levels left

rFire    . . .     SeeInvis .   a - +0 long sword
rCold    . . .     Gourm    .   c - +0 shield
rNeg     + . .     Faith    .   b - +0 scale mail
rPois    ∞         Spirit   .   (no helmet)
rElec    +         Reflect  .   (no cloak)
rCorr    .         Harm     .   (no gloves)
MR       .....     NoTele   +   (no boots)
Stlth    ..........             (no amulet)
HPRegen  0.06/turn              (no ring)
MPRegen  0.08/turn              (no ring)

@: no status effects
A: negative energy resistance 1, electricity resistance, unbreathing,
petrification resistance, rot immunity, AC +2
a: no special abilities


You were in the Dungeon.
You were not hungry.

You visited 1 branch

Inventory:

Hand Weapons
 a - a +0 long sword (weapon)
Armour
 b - a +0 scale mail (worn)
 c - a +0 shield (worn)
Scrolls
 k - a scroll of blinking
Potions
 d - a potion of might
 e - a potion of curing
 g - a potion of heal wounds
 h - a potion of haste
 i - 2 potions of magic
 j - a potion of berserk rage
Comestibles
 f - a ration


   Skills:
 - Level 3.2 Fighting
 + Level 4.9 Long Blades
 - Level 3.2 Armour
 - Level 3.2 Shields


You had one spell level left.
You didn't know any spells.
Your spell library was empty.

Dungeon Overview and Level Annotations

Branches:
Dungeon (1/1)

Altars:


Innate Abilities, Weirdness & Mutations

You are resistant to torment.
Your stone body is resilient. (AC +2)
You are immune to poison.
You resist negative energy. (rN+)
You are resistant to electric shocks. (rElec)
You can survive without breathing.
You are immune to petrification.
You are immune to rotting.


Message History

The shadow imp shouts, "Surrender, thou reeling-ripe tip-merry surfacer!"
You closely miss the shadow imp. You block the shadow imp's attack.
You completely miss the shadow imp. The shadow imp closely misses you.
You barely miss the shadow imp. The shadow imp barely misses you.
You riposte.
You slash the shadow imp!
You kill the shadow imp!
You slash the ogre!
The ogre is moderately wounded.
The ogre hits you with a +0 giant club!
Ouch! That really hurt!
* * * LOW HITPOINT WARNING * * *
The phantom blinks!
You slash the ogre!
The ogre is severely wounded.
The ogre barely misses you.
You slash the ogre!
The ogre is almost dead.
The ogre hits you with a +0 giant club!
Ouch! That really hurt!
You die...

▓·▓
▓·▓
▓·▓
▓)▓
▓·▓
▓·▓
▓·▓
▓·▓
▓@▓
▓O▓
▓5▓
▓W▓
▓s▓
▓·▓
▓·▓
▓╬▓


You could see a phantom, an ogre, a scorpion and a shadow imp.

Vanquished Creatures
  A shadow imp (D)
  2 dart slugs (D)
  A bat (D)
  A giant cockroach (D)
  A hobgoblin (D)
6 creatures vanquished.

Notes
Turn   | Place    | Note
-------+----------+-------------------------------------------
     0 | D        | Azzok the Gargoyle Fighter began the quest for the Orb.
     0 | D        | Reached XP level 1. HP: 14/14 MP: 1/1
     5 | D        | Reached skill level 2 in Long Blades
     8 | D        | Reached skill level 3 in Long Blades
    10 | D        | Reached XP level 2. HP: 19/19 MP: 2/2
    13 | D        | Reached skill level 4 in Long Blades
    19 | D        | Noticed an ogre
    19 | D        | Noticed a phantom
    19 | D        | Noticed a scorpion
    25 | D        | Mangled by an ogre

Levels and vault maps discovered:
D:        linesprint [early_d, line_temple, items_1, d_10, items_2, lair_1,
          lair_end, items_3, orc_1, orc_end, items_4, d_15, swamp_1, shoals_1,
          snake_1, spider_1, d_20, vaults_1, items_5, swamp_end, shoals_end,
          snake_end, spider_end, vaults_end, d_27, items_6, zot_1, zot_end,
          crypt_end, forest_end, elf_end, slime_end, tomb_end, abyss_end,
          pan_hell_end]

Skill      XL: |  1  2 |
---------------+-------+-----
Long Blades    | 3 4 |  4.9
Fighting       | |  3.2
Armour         | |  3.2
Shields        | |  3.2

Action                   || total
-------------------------++-------
Melee: Long sword        ||    15
Armor: Scale mail        ||     2
Dodge: Dodged            ||     5
Block: Shield            ||     5
       Rpst.: Long sword ||     2

Table legend:
 A = Non-vault XP
 B = Vault XP
 C = Vault XP percentage of total XP
 D = Non-vault monster count
 E = Vault monster count
 F = Vault count percentage of total count
                 A         B        C        D         E       F
            +---------+---------+-------+---------+---------+-------
      Total |       0 |      25 | 100.0 |       0 |       6 | 100.0
            +---------+---------+-------+---------+---------+-------
          D |       0 |      25 | 100.0 |       0 |       6 | 100.0
            +---------+---------+-------+---------+---------+-------
